 Dungeon Crawl Stone Soup version 0.25.1-2-g60ff931df9 (webtiles) character file.

Game seed: 17474431716112995674

2224 hawla the Poker (level 9, -1/77 HPs)
             Began as a Minotaur Fighter on Oct 22, 2020.
             Was an Initiate of Gozag.
             Slain by a two-headed ogre
             ... wielding a +0 giant spiked club
              (14 damage)
             ... on level 7 of the Dungeon.
             The game lasted 00:15:34 (6672 turns).

hawla the Poker (Minotaur Fighter)                  Turns: 6672, Time: 00:15:36

Health: -1/77      AC: 18    Str: 24    XL:     9   Next: 13%
Magic:  8/8        EV: 16    Int:  5    God:    Gozag
Gold:   246        SH:  5    Dex: 10    Spells: 8/8 levels left

rFire    . . .     SeeInvis .   l - +2 short sword (protect)
rCold    . . .     Gourm    .   (no shield)
rNeg     . . .     Faith    .   b - +0 scale mail
rPois    .         Spirit   .   (helmet restricted)
rElec    .         Reflect  +   k - scarf {repulsion}
rCorr    .         Harm     .   (no gloves)
MR       .....                  (no boots)
Stlth    +.........             m - amulet of reflection
HPRegen  0.22/turn              t - +4 ring of protection
MPRegen  0.11/turn              z - +4 ring of evasion

@: protection aura, very slightly contaminated, invisible, repel missiles
A: retaliatory headbutt, horns 2
a: Potion Petition, Call Merchant, Bribe Branch, Renounce Religion


You were on level 7 of the Dungeon.
You worshipped Gozag.
Gozag was aware of your devotion.
You were not hungry.

You visited 2 branches of the dungeon, and saw 9 of its levels.

You collected 353 gold pieces.
You paid 107 gold pieces to Gozag.

Inventory:

Hand Weapons
 a - a +1 short sword of speed
 l - a +2 short sword of protection (weapon)
 s - a +0 great sword
 x - the +2 halberd "Foacimamp" {protect, rF+}
   (You found it on level 6 of the Dungeon)

   It grants its wielder temporary protection when it strikes (+7 to AC).
   It protects you from fire.
Missiles
 g - 5 boomerangs (quivered)
Armour
 b - a +0 scale mail (worn)
 c - a +0 plate armour
 k - a scarf of repulsion (worn)
 y - a +3 leather armour of cold resistance
Jewellery
 m - an amulet of reflection (around neck)
 t - a +4 ring of protection (left hand)
 z - a +4 ring of evasion (right hand)
Wands
 r - a wand of paralysis (5)
Scrolls
 q - a scroll of remove curse
 u - a scroll of fog
 v - a scroll of magic mapping
 A - a scroll of enchant armour
 B - a scroll of enchant weapon {unknown}
 C - a scroll of torment {unknown}
 D - 2 scrolls of teleportation
 E - a scroll of identify
Potions
 d - 4 potions of might
 e - 2 potions of ambrosia
 h - 4 potions of curing {unknown}
 i - a potion of degeneration {unknown}
 j - a potion of invisibility
 o - 2 potions of flight
 p - 2 potions of haste
 w - 2 potions of brilliance {unknown}
Comestibles
 f - 13 rations


   Skills:
 + Level 6.3 Fighting
 + Level 4.2(5.0) Short Blades
 + Level 4.6(5.5) Long Blades
 + Level 6.4 Polearms
 + Level 0.7 Throwing
 + Level 6.1 Armour
 * Level 6.2 Dodging
 - Level 3.6 Stealth
   Level 3.6 Shields


You had 8 spell levels left.
You didn't know any spells.
Your spell library was empty.

Dungeon Overview and Level Annotations

Branches:
Dungeon (8/15)             Temple (1/1) D:7
   Lair: D:8-11

Altars:
Ashenzari
Cheibriados
Dithmenos
Gozag
Makhleb
Nemelex Xobeh
Qazlal
Sif Muna
Uskayaw
Vehumet
Wu Jian
Xom
The Shining One

Shops:
D:5 :   D:6 }


Innate Abilities, Weirdness & Mutations

You reflexively headbutt those who attack you in melee.
You have a pair of horns on your head.


Message History

The two-headed ogre closely misses you.
The two-headed ogre completely misses you.
You barely miss the two-headed ogre.
The two-headed ogre is heavily wounded.
The two-headed ogre hits you with a +0 giant spiked club!
The two-headed ogre completely misses you.
You fade into invisibility!
You are very lightly contaminated with residual magic.
You hit the two-headed ogre but do no damage.
The two-headed ogre is heavily wounded.
The two-headed ogre closely misses you. The two-headed ogre barely misses you.
You hit the two-headed ogre.
The two-headed ogre is heavily wounded.
You hit the two-headed ogre.
The two-headed ogre is heavily wounded.
The two-headed ogre hits you with a +0 giant spiked club!
* * * LOW HITPOINT WARNING * * *
The two-headed ogre hits you with a +0 giant spiked club!
You die...
Your body crumbles into a pile of gold.

#...........)...........#
#.##.##############.....#
#.##.##############.....#
#........................
####.###.####.#####.#####
#####.# #.####.#####.#
##.....###....#.##....#####
#..........................
#..###.###@................
#..###....O...............#
#........#.#..#.##........#
######.####.#.#.#..............#
#.....<..##.#.#.#..#.##........#
######)#.##.#.###..............#
#...##.#.# #.#####........#
######.#.###.# #........#
#............# #........#


You could see a two-headed ogre.

Vanquished Creatures
  Joseph (D:7)
  A hippogriff (D:5)
  2 sky beasts (D:6)
  A black bear (D:6)
  An ice beast (D:6)
  3 ogres
  A centaur (D:5)
  6 bullfrogs
  A scorpion (D:4)
  2 howler monkeys
  A crimson imp (D:5)
  A bullfrog zombie (D:7)
  A hound (D:5)
  A jelly (D:5)
  2 orc priests
  An orc wizard (D:7)
  An iguana (D:5)
  2 worker ants
  A hound zombie (D:6)
  A gnoll (D:1)
  A howler monkey skeleton (D:6)
  8 adders
  A shadow imp (D:6)
  An ooze (D:6)
  An adder skeleton (D:5)
  3 worms
  A dart slug (D:4)
  4 leopard geckos
  18 orcs
  2 giant cockroaches
  2 goblins
  7 hobgoblins
  18 jackals
  5 kobolds
  2 quokkas (D:5)
  5 bats
  3 frilled lizards (D:1)
  A jackal skeleton (D:4)
  A quokka zombie (D:7)
  6 rats
121 creatures vanquished.

Notes
Turn   | Place    | Note
-------+----------+-------------------------------------------
     0 | D:1      | hawla the Minotaur Fighter began the quest for the Orb.
     0 | D:1      | Reached XP level 1. HP: 19/19 MP: 0/0
   203 | D:1      | Reached XP level 2. HP: 19/27 MP: 1/1
   432 | D:1      | Reached skill level 1 in Dodging
   606 | D:1      | Reached XP level 3. HP: 31/33 MP: 2/2
  1494 | D:2      | Reached skill level 1 in Stealth
  1930 | D:3      | Found a faded altar of an unknown god.
  2123 | D:3      | Reached XP level 4. HP: 31/40 MP: 3/3
  2408 | D:3      | Found a shimmering blue altar of Sif Muna.
  2771 | D:4      | Found a shimmering altar of Xom.
  3259 | D:4      | Reached skill level 1 in Short Blades
  3259 | D:4      | Reached XP level 5. HP: 34/46 MP: 4/4
  3754 | D:5      | Entered Level 5 of the Dungeon
  3902 | D:5      | Noticed a hippogriff
  3917 | D:5      | Killed a hippogriff
  3917 | D:5      | Reached XP level 6. HP: 24/53 MP: 5/5
  4393 | D:5      | Found a hide-covered altar of Uskayaw.
  4398 | D:5      | Reached XP level 7. HP: 60/60 MP: 6/6
  4770 | D:5      | Found Ojuiqup's Book Emporium.
  5035 | D:6      | Reached skill level 5 in Fighting
  5046 | D:6      | Got a shimmering halberd
  5047 | D:6      | Identified the cursed +2 halberd "Foacimamp" {protect, rF+}
                  | (You found it on level 6 of the Dungeon)
  5129 | D:6      | Reached skill level 5 in Armour
  5148 | D:6      | Reached skill level 1 in Polearms
  5170 | D:6      | Reached XP level 8. HP: 40/69 MP: 7/7
  5222 | D:6      | Reached skill level 5 in Dodging
  5407 | D:6      | Found Puterauz's Gadget Emporium.
  5548 | D:6      | Found a glowing golden altar of the Shining One.
  5560 | D:6      | Found a radiant altar of Vehumet.
  5950 | D:7      | Found a sparkling altar of Nemelex Xobeh.
  5956 | D:7      | Noticed Joseph
  5966 | D:7      | Killed Joseph
  5966 | D:7      | Reached skill level 5 in Polearms
  6020 | D:7      | Reached XP level 9. HP: 72/75 MP: 8/8
  6473 | D:7      | Found a staircase to the Ecumenical Temple.
  6490 | Temple   | Entered the Ecumenical Temple
  6523 | Temple   | Became a worshipper of Gozag Ym Sagoz the Greedy
  6653 | D:8      | Noticed a two-headed ogre
  6658 | D:8      | Noticed a two-headed ogre
  6672 | D:7      | Slain by a two-headed ogre

Illustrated notes

Levels and vault maps discovered:
D:1:      saegor_arrival_simple_a, layout_basic
D:2:      layout_basic, first_ration
D:3:      layout_loops_ring, nicolae_overflow_hidden_temple,
          chequers_ecumenical_altar_simple_redux, minmay_box_of_dots
D:4:      layout_cave_pods, kennysheep_mini_moat
D:5:      layout_cave_pods, eat_drink_and_be_merry_uskayaw, serial_shops, shop
D:6:      layout_rooms, grunt_temple_overflow_open, serial_shops, shop
D:7:      layout_basic, nemelex_altar_shiori, minmay_temple_entry_fiery,
          nrook_mini_vaults, uniq_joseph
D:8:      layout_basic, serial_shops, nicolae_shop_waterfront, the_bakery,
          chequers_garden, nicolae_tso_besieged_by_evil
Temple:   nicolae_temple_elliptical

Skill      XL: |  1  2  3  4  5  6  7  8  9 |
---------------+----------------------------+-----
Armour         | 4 5 6 |  6.1
Dodging        | 1 2 3 4 6 |  6.2
Fighting       | 4 5 6 |  6.3
Stealth        | 1 2 3 |  3.6
Long Blades    | 3 4 |  4.6
Short Blades   | 1 2 4 |  4.2
Polearms       | 2 6 |  6.4
Throwing       | |  0.7
Shields        | |  3.6

Action                   |  1- 3 |  4- 6 |  7- 9 || total
-------------------------+-------+-------+-------++-------
Melee: Long sword        |    68 |       |       ||    68
       Headbutt          |    20 |    17 |    24 ||    61
       Short sword       |    29 |    88 |    46 ||   163
       Great sword       |     5 |    10 |    21 ||    36
       Halberd           |       |       |   114 ||   114
Throw: Dart              |       |       |     6 ||     6
       Boomerang         |       |       |     3 ||     3
  Use: Scroll            |     6 |     4 |     5 ||    15
       Potion            |       |       |     2 ||     2
  Eat: Chunk             |     4 |     7 |     7 ||    18
Armor: Scale mail        |    33 |       |     9 ||    42
       Robe              |     7 |       |       ||     7
       Leather armour    |       |     6 |       ||     6
       Ring mail         |       |    29 |    74 ||   103
Dodge: Dodged            |    37 |    52 |   130 ||   219
       Repelled          |       |       |     2 ||     2
Block: Kite shield       |    29 |       |       ||    29
       Other             |       |       |    19 ||    19
       Reflection        |       |       |     1 ||     1
       Rpst.: Long sword |     5 |       |       ||     5
       Great sword       |     2 |     1 |     7 ||    10
